 Dungeon Crawl Stone Soup version 0.32-a0-834-geaf45d8e21 (webtiles) character file.

Game seed: 2946207479533698036

209251 Griffin23 the Fencer (level 18, -9/171 HPs)
             Began as a Minotaur Fighter on Mar 25, 2024.
             Was a High Priest of Okawaru.
             Killed from afar by an acid blob (15 damage)
             ... with a splash of acid
             ... on level 2 of the Pits of Slime.
             The game lasted 02:27:44 (50294 turns).

Griffin23 the Fencer (Minotaur Fighter)            Turns: 50294, Time: 02:27:44

Health: -9/171     AC: 22    Str: 34    XL:     18   Next: 52%
Magic:  0/26       EV: 10    Int:  5    God:    Okawaru [*****.]
Gold:   468        SH: 20    Dex: 14    Spells: 17/17 levels left

rFire   . . .        m - +3 demon blade
rCold   . . .        U - +4 kite shield of the Trout {Will++ Dex+3}
rNeg    . . .        D - +10 plate armour {ponderous}
rPois   +            (helmet unavailable)
rElec   .            t - +2 cloak
rCorr   .            W - +0 pair of gloves
SInv    .            q - +1 pair of boots {rampage}
Will    ++++.        G - amulet of guardian spirit Stlth
                     R - +4 ring of slaying
HPRegen 0.48/turn    a - ring of Zienora {rPois Will+ Str+6}
MPRegen 0.20/turn

%: guardian spirit, rampage
@: heroic, finesse-ful, corroded, slow
A: horns 3, retaliatory headbutt, talons 1, deformed body, wild magic 1
a: Renounce Religion, Heroism, Finesse, Duel


You were on level 2 of the Pits of Slime.
You worshipped Okawaru.
Okawaru was extremely pleased with you.
You visited 7 branches of the dungeon, and saw 31 of its levels.

You collected 4372 gold pieces.
You spent 3904 gold pieces at shops.

Inventory:

Hand Weapons
 m - a +3 demon blade (weapon)
 E - the +2 long sword "Zyssir" {flame, Dex+6}
   (You found it on level 5 of the Dungeon)

   Dex+6:     It affects your dexterity (+6).
 J - the +6 scimitar "Meupat" {freeze, rElec rPois Will+}
   (Okawaru gifted it to you on level 2 of the Lair of Beasts)

   rElec:     It insulates you from electricity.
   rPois:     It protects you from poison.
   Will+:     It increases your willpower.
Missiles
 h - 9 silver javelins
 s - 18 javelins (quivered)
 u - 22 boomerangs
 M - 4 throwing nets
 X - 8 atropa-tipped darts
Armour
 q - a +1 pair of boots of rampaging (worn)
 t - a +2 cloak (worn)
 D - a +10 plate armour of ponderousness (worn)
 T - the +0 storm dragon scales of Guned {rElec rPois Regen+ rCorr}
   (Okawaru gifted it to you on level 2 of the Lair of Beasts)

   rElec:     It insulates you from electricity.
   rPois:     It protects you from poison.
   Regen+:    It increases your rate of health regeneration.
   rCorr:     It protects you from acid and corrosion.
 U - the +4 kite shield of the Trout (worn) {Will++ Dex+3}
   (You took it off Donald on level 1 of the Snake Pit)

   Dex+3:     It affects your dexterity (+3).
   Will++:    It greatly increases your willpower.
 W - a +0 pair of gloves (worn)
Jewellery
 a - the ring of Zienora (right hand) {rPois Will+ Str+6}
   (You bought it in a shop on level 10 of the Dungeon)

   [ring of strength]

   Str+6:     It affects your strength (+6).
   rPois:     It protects you from poison.
   Will+:     It increases your willpower.
 f - a +6 ring of dexterity
 x - a ring of willpower
 C - an amulet of the acrobat
 G - an amulet of guardian spirit (around neck)
 Q - an amulet of reflection
 R - a +4 ring of slaying (left hand)
 Z - a ring of poison resistance
Wands
 p - a wand of light (7)
 F - a wand of mindburst (32)
 P - a wand of roots (19)
 S - a wand of digging (2)
 V - a wand of flame (69)
 Y - a wand of paralysis (40)
Scrolls
 c - 6 scrolls of identify
 e - 6 scrolls of immolation
 g - 7 scrolls of revelation
 i - 7 scrolls of teleportation
 j - 5 scrolls of poison
 v - 5 scrolls of enchant armour
 w - a scroll of amnesia
 y - 4 scrolls of enchant weapon
 A - 3 scrolls of fear
 K - 3 scrolls of fog
 O - a scroll of torment
Potions
 b - a potion of resistance
 k - 2 potions of mutation
 l - 2 potions of magic
 o - 2 potions of berserk rage
 r - 8 potions of lignification
 z - 5 potions of brilliance
 H - 4 potions of haste
 L - 2 potions of invisibility
Miscellaneous
 B - a phial of floods
 N - a tin of tremorstones (2/2)


   Skills:
 + Level 17.7(22.7) Fighting
 - Level 18.1(23.1) Long Blades
 + Level 7.7(12.7) Throwing
 + Level 17.7(22.7) Armour
 + Level 17.7(22.7) Shields
 + Level 12.2 Invocations
 + Level 11.2 Evocations


You had 17 spell levels left.
You didn't know any spells.
Your spell library contained the following spells:

 Spells                   Type           Power      Damage    Failure   Level
 Apportation              Tloc           0%         N/A       91%         1
 Freeze                   Ice            0%         1d3       91%         1
 Kiss of Death            Conj/Necr      0%         2d5       91%         1
 Necrotise                Necr           0%         1d4       91%         1
 Shock                    Conj/Air       0%         1d3       91%         1
 Blink                    Tloc           0%         N/A       97%         2
 Ensorcelled Hibernation  Hex/Ice        0%         N/A       97%         2
 Jinxbite                 Hex            0%         N/A       97%         2
 Lesser Beckoning         Tloc           0%         N/A       97%         2
 Sublimation of Blood     Necr           0%         N/A       97%         2
 Confusing Touch          Hex            0%         N/A       99%         3
 Dazzling Flash           Conj/Hex       0%         N/A       99%         3
 Frozen Ramparts          Ice            0%         1d1       99%         3
 Gell's Gravitas          Tloc           0%         N/A       99%         3
 Hailstorm                Conj/Ice       0%         3d5       99%         3
 Passwall                 Erth           0%         N/A       99%         3
 Stone Arrow              Conj/Erth      0%         3d7       99%         3
 Swiftness                Air            0%         N/A       99%         3
 Teleport Other           Tloc           0%         N/A       99%         3
 Airstrike                Air            0%         2d(0-16)  100%        4
 Anguish                  Hex/Necr       0%         N/A       100%        4
 Cause Fear               Hex            0%         N/A       100%        4
 Dispel Undead            Necr           0%         3d6       100%        4
 Leda's Liquefaction      Alch/Erth      0%         N/A       100%        4
 Manifold Assault         Tloc           0%         N/A       100%        4
 Vhi's Electric Charge    Tloc/Air       0%         N/A       100%        4
 Alistair's Intoxication  Alch           0%         N/A       100%        5
 Borgnjor's Vile Clutch   Necr/Erth      0%         N/A       100%        5
 Fireball                 Conj/Fire      0%         3d3       100%        5
 Lee's Rapid Deconstruct  Erth           0%         3d4*      100%        5
 Conjure Ball Lightning   Conj/Air       0%         3x3d6     100%        6
 Dispersal                Tloc           0%         N/A       100%        6
 Eringya's Noxious Bog    Alch           0%         4d6       100%        6
 Permafrost Eruption      Ice/Erth       0%         2x4d2     100%        6
 Starburst                Conj/Fire      0%         6d3       100%        6
 Discord                  Hex            0%         N/A       100%        8
 Disjunction              Tloc           0%         N/A       100%        8
 Lehudib's Crystal Spear  Conj/Erth      0%         10d2      100%        8
 Maxwell's Capacitive Co  Air            0%         ∞         100%        8
 Call Imp                 Summ           Unusable   N/A       N/A         2
 Summon Ice Beast         Ice/Summ       Unusable   N/A       N/A         3
 Animate Armour           Summ/Erth      Unusable   N/A       N/A         4
 Sculpt Simulacrum        Ice/Alch       Unusable   N/A       N/A         6
 Summon Hydra             Summ           Unusable   N/A       N/A         7
 Dragon's Call            Summ           Unusable   N/A       N/A         9

Dungeon Overview and Level Annotations

Branches:
Dungeon (15/15)            Temple (1/1) D:6            Lair (5/5) D:10
  Swamp (3/4) Lair:3        Snake (3/4) Lair:2        Slime (2/5) Lair:4
    Orc (2/2) D:11            Elf (0/3) Orc:2        Vaults (0/5) D:13
 Depths (0/4) D:15

Altars:
Ashenzari
Cheibriados
Dithmenos
Elyvilon
Fedhas
Gozag
Hepliaklqana
Kikubaaqudgha
Makhleb
Nemelex Xobeh
Okawaru
Qazlal
Ru
Sif Muna
Trog
Uskayaw
Vehumet
Wu Jian
Xom
Yredelemnul
Zin
The Shining One
Beogh
Jiyva

Shops:
D:2 !   D:5 *   D:10 =   D:14 *   Orc:2 [[**

Annotations:
D:11 3 runed translucent doors
Swamp:1 2 transporters, exclusion: obsidian statue


Innate Abilities, Weirdness & Mutations

You have a pair of large horns on your head.
You reflexively headbutt those who attack you in melee.
You have sharp toenails.
Armour fits poorly on your strangely shaped body.
Your spells are a little harder to cast, but a little more powerful.


Message History

The formless jellyfish stings you but does no damage.
The formless jellyfish jiggles.
You block the slime creature's attack. You block the acid blob's attack.
The formless jellyfish shimmers eerily.
The formless jellyfish blinks!
The formless jellyfish shimmers eerily.
The formless jellyfish blinks!
The slime creature attacks as it pursues you!
The slime creature hits you.
* * * LOW HITPOINT WARNING * * *
You block the acid blob's attack.
The formless jellyfish shimmers eerily.
The formless jellyfish blinks!
The acid blob spits acid at you. The splash of acid hits you!!
* * * LOW HITPOINT WARNING * * *
The slime creature hits you!
* * * LOW HITPOINT WARNING * * *
The formless jellyfish shimmers eerily.
The formless jellyfish blinks!
The acid blob hits you but does no damage.
The formless jellyfish shimmers eerily.
The formless jellyfish blinks!
You block the slime creature's attack.
There is a stone staircase leading down, spattered with blood here.
Okay, then.
Okay, then.
Okay, then.
The acid blob spits acid at you. The splash of acid hits you!
* * * LOW HITPOINT WARNING * * *
The formless jellyfish shimmers eerily.
The formless jellyfish blinks!
You block the slime creature's attack.
You climb downwards.
There is a stone staircase leading up here.
Okay, then.
Okay, then.
Okay, then.
The acid blob spits acid at you. The splash of acid hits you!
You die...

### . ## ###.## ## ##
..#.##.... ##.##.####
.........####......#.#
..........#....#......
#.....................
#...J<@.............
####J...............
###..............
#....>..<.......
##.#..........##
###..........#
#..........##
............#
........#...##


You could see an acid blob and a slime creature.

Vanquished Creatures
  Vashnia (Snake:2)
  Nikola (Snake:1)
  A tentacled monstrosity (Swamp:3)
  Mlioglotl (Swamp:1)
  Frances (Snake:1)
  Donald (Snake:1)
  A rockslime (Slime:1)
  2 fenstrider witches (Swamp:3)
  Louise (Snake:2)
  A juggernaut zombie (Swamp:2)
  An orc warlord (Orc:2)
  A quicksilver ooze (Slime:1)
  A ghoul (Swamp:3)
  3 formless jellyfish (Slime:1)
  Azrael (D:14)
  3 eleionomae
  2 bunyips
  Nessos (D:13)
  2 dire elephants
  Snorg (Orc:1)
  An ettin (Orc:2)
  A fire dragon (D:15)
  A yaktaur captain (D:13)
  2 shambling mangroves (Swamp:3)
  An ice dragon (Lair:5)
  8 hydras
  3 rakshasas (D:15)
  9 alligators
  3 boulder beetles
  4 ghost crabs
  13 anacondas
  20 death yaks
  2 catoblepae
  7 two-headed ogres
  5 naga warriors
  A hell hog (Arena)
  13 naga sharpshooters
  A hell knight (D:15)
  6 orc high priests (Orc:2)
  A spriggan berserker (Swamp:3)
  Nergalle (D:10)
  4 shock serpents
  Amaemon (D:8)
  A fire crab (D:15)
  9 goliath frogs
  2 sixfirhies
  Lodul (D:14)
  A skyshark (Lair:5)
  5 spriggan druids
  3 skeletal warriors
  5 arcanists (D:15)
  5 bunyip zombies (Swamp:2)
  An orange crystal statue (D:11)
  A death drake (Swamp:3)
  3 swamp dragons
  6 mana vipers
  A naga ritualist (Snake:1)
  7 sea snakes (Snake:3)
  6 orc knights
  A thermic dynamo (D:15)
  6 bog bodies
  3 lindwurms
  3 bunyip skeletons (Swamp:2)
  6 deep elf pyromancers
  A necromancer (Arena)
  9 orc sorcerers
  3 obsidian bats (Orc:2)
  5 cyclopes
  8 ugly things
  Maurice (D:12)
  A manticore (D:13)
  2 will-o-the-wisps
  20 elephants
  3 meliai (D:12)
  16 salamanders
  4 guardian serpents
  5 kobold blastminers (Orc:2)
  36 black mambas
  2 rust devils (D:15)
  14 cane toads
  A molten gargoyle (D:15)
  An eye of devastation (Slime:2)
  7 torpor snails
  An orange demon (D:8)
  10 gargoyles
  14 naga magi
  4 rime drakes
  6 komodo dragons
  2 efreet
  A komodo dragon (shapeshifter) (D:15)
  2 unseen horrors
  3 ice devils (D:9)
  2 freezing wraiths (D:15)
  6 yaktaurs
  A bloated husk (Swamp:2)
  A wolf spider simulacrum (D:15)
  14 polar bears
  13 hornets
  11 tyrant leeches
  6 trolls
  7 raiju
  A raiju (shapeshifter) (D:15)
  8 blink frogs
  A dream sheep (D:11)
  An air elemental (D:15)
  2 shadows (D:12)
  15 slime creatures
  5 spriggans
  3 water elementals (D:15)
  A wraith (D:12)
  5 wyverns
  3 fire elementals
  43 yaks
  Eustachio (D:5)
  7 basilisks
  A hog (D:11)
  9 wargs
  4 vampire mosquitoes
  12 swamp worms
  3 steam dragons
  34 nagas
  9 acid dragons
  12 water moccasins
  16 hell hounds
  2 ice beasts (D:6)
  A meliai simulacrum (D:15)
  41 orc warriors
  A sky beast (D:7)
  14 black bears
  3 swamp drakes
  A laughing skull (D:8)
  20 ogres
  22 wolves
  4 centaurs
  2 phantoms (D:5)
  12 bullfrogs
  5 scorpions
  A gnoll sergeant (D:10)
  6 wights (D:8)
  5 howler monkeys
  An electric eel (Lair:2)
  3 hounds
  7 jellies
  23 orc priests
  4 gnoll boudas
  9 iguanas
  A sleepcap (D:6)
  14 orc wizards
  12 hell rats
  16 gnolls
  7 adders
  9 river rats (Lair:3)
  2 white imps (D:6)
  5 ribbon worms
  5 dart slugs
  91 orcs
  A bat (D:2)
  8 endoplasms
  5 giant cockroaches
  6 goblins
  10 hobgoblins
  5 jackals
  2 quokkas
  3 ball pythons
  4 frilled lizards
  6 kobolds
  A rat (Lair:3)
1050 creatures vanquished.

Vanquished Creatures (others)
  A boulder beetle (D:9)
  A goliath frog (Swamp:2)
  A bloated husk (Swamp:3)
  A hornet (Swamp:2)
  A spriggan (Swamp:2)
  A swamp drake (Swamp:2)
  2 orc priests (Orc:2)
  2 foxfires (Swamp:2)
10 creatures vanquished.

Grand Total: 1060 creatures vanquished

Notes
Turn   | Place    | Note
-------+----------+-------------------------------------------
     0 | D:1      | Griffin23 the Minotaur Fighter began the quest for the Orb.
     0 | D:1      | Reached XP level 1. HP: 19/19 MP: 0/0
   317 | D:1      | Reached XP level 2. HP: 27/27 MP: 1/1
   701 | D:2      | Reached skill level 3 in Long Blades
   701 | D:2      | Reached XP level 3. HP: 33/33 MP: 2/2
   835 | D:2      | Found Tular's Distillery.
  1515 | D:3      | Reached XP level 4. HP: 36/41 MP: 3/3
  1716 | D:3      | Found an ancient bone altar of Kikubaaqudgha.
  2535 | D:4      | Noticed a scorpion
  2546 | D:4      | Killed a scorpion
  2547 | D:4      | Reached skill level 4 in Long Blades
  2547 | D:4      | Reached XP level 5. HP: 47/47 MP: 4/4
  2675 | D:4      | Found an opulent altar of Gozag.
  2774 | D:4      | Noticed a water moccasin
  2782 | D:4      | Killed a water moccasin
  2783 | D:4      | Reached skill level 5 in Fighting
  2783 | D:4      | Reached skill level 5 in Long Blades
  2783 | D:4      | Reached skill level 5 in Armour
  2783 | D:4      | Reached skill level 5 in Shields
  2783 | D:4      | Reached XP level 6. HP: 56/56 MP: 5/5
  2860 | D:4      | Found a bloodstained altar of Trog.
  3205 | D:4      | Found a blossoming altar of Fedhas.
  3363 | D:5      | Entered Level 5 of the Dungeon
  3363 | D:5      | Found Vuetu's Assorted Antiques.
  3448 | D:5      | Noticed Eustachio
  3464 | D:5      | Killed Eustachio
  3465 | D:5      | Reached skill level 6 in Long Blades
  3465 | D:5      | Reached XP level 7. HP: 57/62 MP: 6/6
  3561 | D:5      | Identified the +2 long sword "Zyssir" {flame, Dex+6}
  3679 | D:5      | Reached skill level 7 in Long Blades
  4119 | D:6      | Noticed a wyvern
  4125 | D:6      | Killed a wyvern
  4126 | D:6      | Reached XP level 8. HP: 67/71 MP: 7/7
  4162 | D:6      | Found a basalt altar of Yredelemnul.
  4260 | D:6      | Found a staircase to the Ecumenical Temple.
  4336 | D:6      | Reached skill level 8 in Long Blades
  4374 | Temple   | Entered the Ecumenical Temple
  4383 | Temple   | Became a worshipper of Warmaster Okawaru
  4739 | D:6      | Reached * piety under Okawaru
  5089 | D:7      | Reached skill level 9 in Long Blades
  5246 | D:7      | Reached XP level 9. HP: 66/79 MP: 8/8
  5883 | D:8      | Noticed a komodo dragon
  5898 | D:8      | Killed a komodo dragon
  5899 | D:8      | Reached skill level 10 in Long Blades
  5914 | D:8      | Reached ** piety under Okawaru
  6068 | D:8      | Found a hide-covered altar of Uskayaw.
  6068 | D:8      | Found a radiant altar of Vehumet.
  6279 | D:8      | Reached skill level 11 in Long Blades
  6518 | D:8      | Reached XP level 10. HP: 60/90 MP: 9/9
  6626 | D:2      | Bought a potion of heal wounds for 70 gold pieces
  6825 | D:8      | Reached *** piety under Okawaru
  7196 | D:8      | Found a shimmering blue altar of Sif Muna.
  7310 | D:9      | Noticed a gargoyle
  7313 | D:9      | Noticed a boulder beetle
  7324 | D:9      | Noticed a gargoyle
  7324 | D:9      | Noticed a gargoyle
  7467 | D:9      | Killed a gargoyle
  7470 | D:9      | Killed a gargoyle
  7471 | D:9      | Reached skill level 12 in Long Blades
  7505 | D:9      | Noticed a deep elf pyromancer
  7511 | D:9      | Killed a deep elf pyromancer
  7511 | D:9      | Reached **** piety under Okawaru
  7718 | D:9      | Reached XP level 11. HP: 79/99 MP: 10/10
  7719 | D:9      | Reached skill level 10 in Fighting
  7719 | D:9      | Reached skill level 13 in Long Blades
  7719 | D:9      | Reached skill level 10 in Armour
  7803 | D:9      | Noticed Amaemon
  8004 | D:8      | Killed Amaemon
  8221 | D:9      | Reached ***** piety under Okawaru
  8296 | D:9      | Reached skill level 10 in Shields
  8490 | D:9      | Killed a boulder beetle
  8900 | D:10     | Entered Level 10 of the Dungeon
  8975 | D:10     | Found a transporter.
  9012 | D:10     | Found a staircase to the Lair.
  9139 | D:10     | Noticed Nergalle
  9158 | D:10     | Killed Nergalle
  9433 | D:10     | Reached skill level 14 in Long Blades
  9478 | D:10     | Found Lalot's Jewellery Shoppe.
  9795 | D:10     | Found a transporter.
 10032 | D:10     | Found a burning altar of Makhleb.
 10409 | D:10     | Reached skill level 1 in Invocations
 10412 | D:10     | Reached skill level 1 in Evocations
 10857 | Lair:1   | Entered Level 1 of the Lair of Beasts
 11002 | Lair:1   | Received a gift from Okawaru
 11967 | Lair:2   | Found a staircase to the Snake Pit.
 11982 | Lair:1   | Reached XP level 12. HP: 110/110 MP: 12/12
 12499 | Lair:2   | Identified the +4 chain mail "Gooll" {rN++}
 12683 | Lair:2   | Noticed an eight-headed hydra
 12691 | Lair:2   | Killed a four-headed hydra
 12718 | Lair:2   | Noticed a death yak
 12718 | Lair:2   | Noticed a death yak
 12719 | Lair:2   | Noticed a death yak
 12719 | Lair:2   | Noticed a death yak
 12719 | Lair:2   | Noticed a death yak
 12719 | Lair:2   | Noticed a death yak
 12719 | Lair:2   | Noticed a death yak
 12722 | Lair:2   | Noticed a death yak
 12725 | Lair:2   | Noticed a death yak
 12727 | Lair:2   | Received a gift from Okawaru
 12728 | Lair:2   | Noticed a death yak
 12728 | Lair:2   | Noticed a death yak
 12768 | Lair:2   | Killed a death yak
 13284 | Lair:2   | Killed a death yak
 13294 | Lair:2   | Killed a death yak
 13295 | Lair:2   | Reached skill level 15 in Long Blades
 13299 | Lair:2   | Killed a death yak
 13375 | Lair:2   | Noticed a dire elephant
 13393 | Lair:2   | Killed a dire elephant
 13399 | Lair:2   | Killed a death yak
 13405 | Lair:2   | Killed a death yak
 13415 | Lair:2   | Killed a death yak
 13418 | Arena    | Entered the Arena
 13429 | Arena    | Killed a death yak
 14098 | Lair:2   | Killed a death yak
 14098 | Lair:2   | Received a gift from Okawaru
 14189 | Lair:2   | Killed a death yak
 14202 | Lair:2   | Killed a death yak
 14203 | Lair:2   | Reached XP level 13. HP: 15/118 MP: 15/15
 14621 | Lair:2   | Reached skill level 5 in Invocations
 15703 | Lair:3   | Got Unusyte's Secrets of Movement
 15808 | Lair:3   | Reached skill level 5 in Evocations
 15990 | Lair:3   | Found a staircase to the Swamp.
 17144 | D:5      | Bought a scroll of teleportation for 60 gold pieces
 17252 | D:10     | Bought the ring of Zienora {rPois Will+ Str+6} for 686 gold
                  | pieces
 17684 | Lair:4   | Identified the +5 falchion of the Warrior-Mage {venom,
                  | Str+5 Int+2 Dex-2}
 17731 | Lair:4   | Received a gift from Okawaru
 17966 | Lair:4   | Found a staircase to the Slime Pits.
 17967 | Lair:4   | Found a viscous altar of Jiyva.
 18000 | Lair:4   | Reached skill level 16 in Long Blades
 18620 | Lair:5   | Entered Level 5 of the Lair of Beasts
 18643 | Lair:5   | Received a gift from Okawaru
 19029 | Lair:5   | Reached XP level 14. HP: 55/125 MP: 17/17
 19301 | Lair:4   | Received a gift from Okawaru
 19901 | Arena    | Entered the Arena
 21299 | Arena    | Entered the Arena
 22930 | D:11     | Found a runed translucent door.
 22945 | D:11     | Found a runed translucent door.
 22960 | D:11     | Found a runed translucent door.
 23411 | D:11     | Found a staircase to the Orcish Mines.
 23452 | D:11     | Found a runed translucent gate.
 23453 | D:11     | Found a runed translucent gate.
 23453 | D:11     | Found a runed translucent gate.
 23484 | D:11     | Reached skill level 17 in Long Blades
 23559 | D:11     | Found a runed translucent door.
 24159 | D:12     | You fall into a shaft and drop 3 floors!
 24159 | D:15     | Entered Level 15 of the Dungeon
 24167 | Arena    | Entered the Arena
 24462 | D:15     | Reached XP level 15. HP: 96/139 MP: 20/20
 24485 | D:15     | Received a gift from Okawaru
 24911 | Arena    | Entered the Arena
 25323 | D:12     | Noticed Maurice
 25338 | D:12     | Something stole 7 silver javelins
 25342 | D:12     | Something stole a ring of flight
 25343 | D:12     | Killed Maurice
 25536 | D:12     | Identified a scroll of acquirement
 25536 | D:12     | Acquired 750 gold pieces
 26029 | D:15     | Identified the staff of Zin's Vengeance {rF+ Earth}
 26805 | Orc:1    | Entered Level 1 of the Orcish Mines
 26930 | Orc:1    | Noticed Snorg
 26990 | Orc:1    | Killed Snorg
 27564 | Orc:2    | Entered Level 2 of the Orcish Mines
 27618 | Orc:2    | Received a gift from Okawaru
 28526 | Orc:2    | Found a staircase to the Elven Halls.
 29018 | Orc:2    | Reached skill level 15 in Fighting
 29037 | Orc:2    | Reached skill level 15 in Armour
 29275 | Orc:2    | Found Jubleo's Armour Shop.
 29331 | Orc:2    | Found a roughly hewn altar of Beogh.
 29458 | Orc:2    | Found Cuze's Antique Armour Boutique.
 29801 | Orc:2    | Reached skill level 15 in Shields
 30037 | Orc:2    | Received a gift from Okawaru
 30156 | Orc:2    | Found a roughly hewn altar of Beogh.
 30368 | Orc:2    | Found Hofiobat's Assorted Antiques.
 30418 | Orc:2    | Found Ygekhueb's General Store.
 30946 | D:13     | Found a gate to the Vaults.
 30959 | D:13     | Noticed Nessos
 31463 | D:13     | Killed Nessos
 32311 | D:13     | Reached XP level 16. HP: 85/149 MP: 22/22
 33161 | D:13     | Received a gift from Okawaru
 33260 | D:13     | Reached skill level 18 in Long Blades
 33488 | D:14     | Noticed Azrael
 33556 | D:14     | Killed Azrael
 33895 | D:14     | Noticed Lodul
 33902 | D:14     | Killed Lodul
 33911 | D:14     | Reached ****** piety under Okawaru
 33969 | D:14     | Found Enejuk's Elemental Accessories.
 34450 | Snake:1  | Entered Level 1 of the Snake Pit
 34737 | Snake:1  | Received a gift from Okawaru
 34756 | Snake:1  | Reached skill level 1 in Throwing
 35146 | Snake:1  | Identified the +4 kite shield of the Trout {Will++ Dex+3}
 35146 | Snake:1  | Noticed Donald
 35343 | Snake:1  | Killed Donald
 35524 | Snake:1  | Noticed Nikola
 35595 | Snake:1  | Noticed Frances
 35626 | Snake:1  | Killed Frances
 35627 | Snake:1  | Reached skill level 10 in Invocations
 35771 | Lair:2   | Acquired the +0 storm dragon scales of Guned {rElec rPois
                  | Regen+ rCorr}
 35771 | Lair:2   | Received a gift from Okawaru
 35774 | Lair:2   | Acquired the +6 scimitar "Meupat" {freeze, rElec rPois
                  | Will+}
 35774 | Lair:2   | Received a gift from Okawaru
 36528 | Snake:1  | Received a gift from Okawaru
 36693 | Snake:1  | Killed Nikola
 38054 | Swamp:1  | Entered Level 1 of the Swamp
 38196 | Swamp:1  | Noticed Mlioglotl
 38212 | Swamp:1  | Killed Mlioglotl
 38503 | D:15     | Received a gift from Okawaru
 38564 | D:15     | Found a staircase to the Depths.
 39034 | D:15     | Identified the +3 shortbow "Newtslayer" {drain, ^Contam
                  | rN++ Dex+3}
 39130 | D:15     | Identified the staff "Luemyom" {rC+ rCorr Ice Air}
 39343 | D:15     | Reached XP level 17. HP: 156/158 MP: 23/23
 40022 | Swamp:1  | Received a gift from Okawaru
 40389 | Swamp:1  | Noticed a tentacled monstrosity
 40392 | Swamp:1  | Found a transporter.
 40619 | Swamp:1  | Found a transporter.
 40621 | Swamp:1  | Identified the ring "Lircheix" {rPois rF++ Will-}
 41009 | D:11     | Gained mutation: Your spells are a little harder to cast,
                  | but a little more powerful. [potion of mutation]
 41009 | D:11     | Lost mutation: Your spells are a little harder to cast, but
                  | a little more powerful. [potion of mutation]
 41010 | D:11     | Gained mutation: You are weak. (Str -2) [potion of
                  | mutation]
 41010 | D:11     | Gained mutation: You have a pair of large horns on your
                  | head. [potion of mutation]
 41010 | D:11     | Gained mutation: Your magical capacity is low. (-10% MP)
                  | [potion of mutation]
 41011 | D:11     | Lost mutation: You have a pair of large horns on your head.
                  | [potion of mutation]
 41011 | D:11     | Lost mutation: Your magical capacity is low. (-10% MP)
                  | [potion of mutation]
 41011 | D:11     | Lost mutation: You are weak. (Str -2) [potion of mutation]
 41011 | D:11     | Gained mutation: You are weak. (Str -2) [potion of
                  | mutation]
 41011 | D:11     | Gained mutation: You are somewhat resistant to further
                  | mutation. [potion of mutation]
 41012 | D:11     | Lost mutation: You are somewhat resistant to further
                  | mutation. [potion of mutation]
 41012 | D:11     | Lost mutation: You are weak. (Str -2) [potion of mutation]
 41012 | D:11     | Gained mutation: Your spells are a little harder to cast,
                  | but a little more powerful. [potion of mutation]
 41012 | D:11     | Gained mutation: Armour fits poorly on your strangely
                  | shaped body. [potion of mutation]
 41012 | D:11     | Gained mutation: You have sharp toenails. [potion of
                  | mutation]
 41012 | D:11     | Gained mutation: You have a pair of large horns on your
                  | head. [potion of mutation]
 41283 | D:2      | Bought a potion of curing for 42 gold pieces
 41537 | D:14     | Bought a tin of tremorstones (2/2) for 520 gold pieces
 41815 | Orc:2    | Bought a dented blue amulet for 205 gold pieces
 41831 | Orc:2    | Bought a wand of light (1) for 75 gold pieces
 41967 | Orc:2    | Bought shiny pearl dragon scales for 2246 gold pieces
 42623 | Swamp:2  | Reached skill level 10 in Evocations
 42734 | Swamp:2  | Reached skill level 5 in Throwing
 43100 | Swamp:2  | Found an ancient bone altar of Kikubaaqudgha.
 43122 | Arena    | Entered the Arena
 43154 | Swamp:2  | Received a gift from Okawaru
 43990 | Swamp:2  | Got Sif Muna's Folio of Resurrection
 45764 | Swamp:3  | Noticed a tentacled monstrosity
 45770 | Swamp:3  | Killed a tentacled monstrosity
 45783 | Swamp:3  | Received a gift from Okawaru
 45812 | Swamp:3  | Found the +3 salamander hide armour {Flames, rFlCloud rF++
                  | rC--}
 46521 | Snake:2  | Noticed Louise
 46541 | Snake:2  | Killed Louise
 46733 | Snake:2  | Noticed Vashnia
 47126 | Snake:2  | Reached XP level 18. HP: 152/170 MP: 22/25
 47407 | Snake:2  | Received a gift from Okawaru
 47763 | Snake:2  | Killed Vashnia
 47981 | Snake:2  | Found a broken altar of Ashenzari.
 48691 | Snake:3  | Received a gift from Okawaru
 49943 | Slime:1  | Entered Level 1 of the Pits of Slime
 50231 | Slime:1  | Paralysed by a formless jellyfish for 1 turns
 50292 | Slime:1  | HP: 4/171 [acid blob/splash of acid (6)]
 50294 | Slime:2  | Killed from afar by an acid blob

Illustrated notes

Levels and vault maps discovered:
D:1:      amcnicky_arrival_blooded_trapdoor, layout_basic, st_stairs_1
D:2:      layout_loops_ring, serial_shops, shop
D:3:      layout_loops_corners, pf_just_have_faith, grunt_decor_arrowhead,
          minmay_misc_feat_plants
D:4:      layout_loops_ring, mainiacjoe_overflow_24_doors,
          mainiacjoe_overflow_brackets, nicolae_overflow_crystal_walls,
          nicolae_letterblocks [nicolae_letter_subblock,
          nicolae_letter_subblock, nicolae_letter_subblock,
          nicolae_letter_subblock, nicolae_letter_subblock,
          nicolae_letter_subblock, nicolae_letter_subblock,
          nicolae_letter_subblock, nicolae_letter_subblock,
          nicolae_letter_subblock, nicolae_letter_subblock,
          nicolae_letter_subblock, nicolae_letter_subblock,
          nicolae_letter_subblock, nicolae_letter_subblock,
          nicolae_letter_subblock, nicolae_letter_subblock,
          nicolae_letter_subblock, nicolae_letter_subblock,
          nicolae_letter_subblock, nicolae_letter_subblock,
          nicolae_letter_subblock, nicolae_letter_subblock,
          nicolae_letter_subblock, nicolae_letter_subblock]
D:5:      layout_loops_ring, serial_shops, shop, serial_bayou_pond_d,
          st_stairs_9, cheibrodos_gnoll_hut, uniq_eustachio
D:6:      layout_loops_ring, yredelemnul_altar_generic, temple_statues
D:7:      layout_loops_corners
D:8:      minmay_chambers_of_fours, layout_basic, lemuel_blue_sif_altar,
          grunt_temple_overflow_open, minmay_misc_feat_nine_boxes,
          minmay_lizard_king
D:9:      layout_rooms, dilly_guarded_unrand_elemental_staff, uniq_amaemon
D:10:     gammafunk_cloud_chamber, layout_layer_cave,
          mainiacjoe_overflow_surrounded_room, david_lair_generic,
          minmay_shop_enchanted_jewellery, kennysheep_generic_room_16,
          uniq_nergalle
D:11:     lemuel_bear_cage, layout_basic, orc_0_dummy, nicolae_hexahallways,
          minmay_statue_crystal_thing
D:12:     layout_irregular_city, uniq_maurice
D:13:     layout_loops_cross, david_vaults_2, minivault_19, uniq_nessos
D:14:     layout_roguey, nicolae_elemental_shop, uniq_azrael, uniq_lodul
D:15:     hangedman_crystal_crosses_colossus [crystal_crosses_arms_four,
          crystal_crosses_arms_two, crystal_crosses_arms_two]
Temple:   compressed_dpeg_triangle_lava_temple
Lair:1:   layout_chaotic_city, grunt_forest_small_clearings,
          chequers_serial_rivers_small_a, cheibrodos_lair_reptile_den
Lair:2:   layout_layer_cave, guppyfry_snake_entry_island,
          nicolae_lair_grazing_beasts [nicolae_sub_lair_graze_edge,
          nicolae_sub_lair_graze_edge, nicolae_sub_lair_graze_edge,
          nicolae_sub_lair_graze_edge], serial_bayou_shore_b
Lair:3:   layout_regular_city, minmay_swamp_entry_worms, kennysheep_rathole
Lair:4:   layout_cave_pods, nicolae_slime_entry_slimehenge,
          gauntlet_entry_generic, chequers_serial_rivers_micro_b,
          serial_bayou_shore_a
Lair:5:   wormcave, layout_small_grid, hangedman_lair_caniforms_friends
Swamp:1:  gammafunk_sealed_arena, layout_basic_swamp,
          nicolae_swamp_tree_designs, swamp_pool_4, nicolae_swamp_dense_foliage,
          uniq_mlioglotl
Swamp:2:  layout_basic_swamp, serial_swamp_ruin, evilmike_swamp_ruin_house_2,
          evilmike_swamp_ruin_rubble_2, evilmike_swamp_ruin_house_3,
          swamp_pool_1_2, beargit_kiku_chapel
Swamp:3:  nzn_winding_woodlands_cross [nzn_winding_woodlands_5x15_parted,
          nzn_winding_woodlands_5x15_crooked, nzn_winding_woodlands_5x15_zeroes,
          nzn_winding_woodlands_5x15_pockets,
          nzn_winding_woodlands_15x15_thick_spiral], layout_basic_swamp,
          evilmike_swamp_ruin_house_5, swamp_pool_1_2
Snake:1:  layout_chambers, serial_bayou_pond_e, grunt_megastairs_5, uniq_donald,
          uniq_frances, uniq_nikola
Snake:2:  layout_cave_pods, basic_altar, drop_trap, evilmike_ambush
          [evilmike_ambush_outer_basic, evilmike_ambush_inner_basic],
          uniq_louise, uniq_vashnia
Snake:3:  layout_misc_corridors, serial_bayou_ford_a, nicolae_snake_snake_lake,
          nrook_guardian_serpent_ordinary
Slime:1:  layout_caves
Slime:2:  layout_caves
Orc:1:    layout_caves, serial_shops, uniq_snorg
Orc:2:    pubby_orc_utopia

Skill      XL: |  1  2  3  4  5  6  7  8  9 10 11 12 13 14 15 16 17 18 |
---------------+-------------------------------------------------------+-----
Armour         | 4 5 6 7 8 9 11 12 13 14 15 16 17 | 17.7
Fighting       | 4 5 6 7 8 9 11 12 13 14 15 16 17 | 17.7
Shields        | 4 5 6 7 8 9 10 12 13 14 15 16 17 | 17.7
Long Blades    | 3 4 5 6 7 9 11 12 14 15 16 17 18 | 18.1
Invocations    | 2 4 6 8 9 10 11 12 | 12.2
Evocations     | 2 4 6 7 8 9 10 11 | 11.2
Throwing       | 4 6 7 |  7.7

Action                     |  1- 3 |  4- 6 |  7- 9 | 10-12 | 13-15 | 16-18 || total
---------------------------+-------+-------+-------+-------+-------+-------++-------
  Melee: Long sword        |   109 |   109 |   226 |   526 |  1192 |   797 ||  2959
         Headbutt          |    13 |    23 |    42 |   169 |   553 |   514 ||  1314
         Demon blade       |       |       |       |       |   620 |   502 ||  1122
         Scimitar          |       |       |       |       |       |   390 ||   390
  Throw: Javelin           |       |       |       |       |     6 |    38 ||    44
 Invoke: Heroism           |       |       |     1 |     8 |    10 |     7 ||    26
         Finesse           |       |       |       |     1 |     4 |     3 ||     8
         Duel              |       |       |       |     1 |     4 |     1 ||     6
         Receive Weapon    |       |       |       |       |       |     1 ||     1
         Receive Armour    |       |       |       |       |       |     1 ||     1
  Evoke: Wand              |       |       |       |       |     9 |    30 ||    39
    Use: Potion            |       |       |     1 |     5 |     7 |    23 ||    36
         Scroll            |       |       |       |    12 |    12 |    16 ||    40
   Stab: Petrified         |       |       |       |       |       |     4 ||     4
         Petrifying        |       |       |       |       |       |     1 ||     1
 Armour: Scale mail        |    97 |    49 |       |       |       |       ||   146
         Chain mail        |       |    20 |   126 |    21 |       |       ||   167
         Plate armour      |       |       |       |   311 |   918 |  1004 ||  2233
         Ice dragon scales |       |       |       |       |   219 |       ||   219
         Storm dragon scal |       |       |       |       |       |    81 ||    81
  Dodge: Dodged            |    36 |    34 |    70 |   105 |   450 |   284 ||   979
  Block: Buckler           |    23 |    25 |    57 |    60 |       |       ||   165
         Kite shield       |       |       |       |   219 |  1308 |  1319 ||  2846

Table legend: (Time is in decaauts)
 A = Elapsed time spent in this place.
 B = Non-inter-level travel time spent in this place.
 C = Inter-level travel time spent in this place.
 D = Time resting spent in this place.
 E = Time spent auto-exploring this place.
 F = Levels seen in this place.
 G = Mean time per level.
                   A        B        C        D        E       F      G
               +--------+--------+--------+--------+--------+-----+--------+
         Total |  50520 |  44811 |   5709 |  11537 |  25301 |  37 | 1365.4 |
       Dungeon |  21609 |  18049 |   3560 |   4333 |  10291 |  15 | 1440.6 |
        Temple |     21 |      3 |     18 |      0 |      0 |   1 |   21.0 |
          Lair |  12716 |  11744 |    972 |   4555 |   5422 |   5 | 2543.2 |
         Swamp |   4795 |   4619 |    176 |    789 |   3143 |   3 | 1598.3 |
     Snake Pit |   6772 |   6343 |    429 |   1080 |   4069 |   3 | 2257.3 |
    Slime Pits |    313 |    313 |      0 |    223 |      0 |   2 |  156.5 |
  Orcish Mines |   4152 |   3600 |    552 |    457 |   2376 |   2 | 2076.0 |
         Arena |    139 |    139 |      0 |     99 |      0 |   6 |   23.2 |
               +--------+--------+--------+--------+--------+-----+--------+

Top non-repeatable levels by time:
   Orc:2: 3620 daAuts
  Lair:2: 3528 daAuts
 Snake:1: 3462 daAuts
  Lair:5: 3383 daAuts
    D:12: 2815 daAuts
    D:10: 2543 daAuts
  Lair:3: 2279 daAuts
 Snake:2: 1912 daAuts
 Swamp:3: 1883 daAuts
     D:8: 1871 daAuts
    D:11: 1849 daAuts
  Lair:4: 1847 daAuts
    D:15: 1800 daAuts
 Swamp:2: 1736 daAuts
  Lair:1: 1678 daAuts
